 Dungeon Crawl Stone Soup version 0.27-a0-978-g2aa4ecdaef (webtiles) character file.

Game seed: 6147538626137490068

33 tardwrangler69 the Digger (level 3, -2/26 HPs)
             Began as a Draconian Earth Elementalist on Apr 14, 2021.
             Slain by a quokka (3 damage)
             ... on level 1 of the Dungeon.
             The game lasted 00:01:08 (1381 turns).

tardwrangler69 the Digger (DrEE)                    Turns: 1381, Time: 00:01:09

Health: -2/26      AC:  5    Str: 10    XL:     3   Next: 12%
Magic:  0/6        EV: 12    Int: 16    God:
Gold:   10         SH:  0    Dex: 11    Spells: 5/6 levels left

rFire    . . .     SeeInvis .   a - +0 dagger
rCold    . . .     Faith    .   (no shield)
rNeg     . . .     Spirit   .   (armour unavailable)
rPois    .         Reflect  .   (helmet restricted)
rElec    .         Harm     .   (no cloak)
rCorr    .         Rampage  .   (no gloves)
Will     .....                  (no boots)
Stlth    ++........             (no amulet)
HPRegen  0.08/turn              (no ring)
MPRegen  0.10/turn              (no ring)

@: no status effects
A: AC +5, unfitting armour, cold-blooded
a: no special abilities


You were on level 1 of the Dungeon.
You visited 1 branch of the dungeon, and saw 1 of its levels.

You collected 10 gold pieces.

Inventory:

Hand Weapons
 a - a +0 dagger (weapon)
Missiles
 b - 18 stones
Scrolls
 c - a scroll of teleportation {unknown}


   Skills:
 + Level 2.1 Dodging
 - Level 1.7 Stealth
 + Level 2.4 Spellcasting
 - Level 1.0 Transmutations
 * Level 3.7 Earth Magic


You had 5 spell levels left.
You knew the following spells:

 Your Spells              Type           Power      Damage    Failure   Level
a - Sandblast             Erth           26%        2d8       4%          1

Your spell library contained the following spells:

 Spells                   Type           Power      Damage    Failure   Level
 Passwall                 Tmut/Erth      7%         N/A       12%         2
 Stone Arrow              Conj/Erth      14%        3d7       28%         3
 Petrify                  Tmut/Erth      9%         N/A       58%         4
 Lee's Rapid Deconstruct  Erth           6%         3d7*      75%         5


Dungeon Overview and Level Annotations

Branches:
Dungeon (1/15)

Altars:


Innate Abilities, Weirdness & Mutations

Your plain brown scales are hard. (AC +5)
You cannot fit into any form of body armour.
You are cold-blooded and may be slowed by cold attacks.


Message History

Aiming: Sandblast (safe; 4% risk of failure)
Press: ? - help, Shift-Dir - straight line, f - jackal
Aim: a jackal (26% to evade)
The blast of sand hits the jackal.
The jackal is lightly wounded.
The jackal misses you. The jackal barely misses you. The jackal misses you.
The quokka bites you.
* * * LOW HITPOINT WARNING * * *
The jackal barely misses you.
You aren't carrying any potions.
The jackal misses you.
Casting: Sandblast (safe; 4% risk of failure)
Confirm with . or Enter, or press ? or * to list all spells.
Aiming: Sandblast (safe; 4% risk of failure)
Press: ? - help, Shift-Dir - straight line, f/p - jackal
Aim: a jackal (26% to evade)
The blast of sand hits the jackal!
You kill the jackal!
The quokka barely misses you.
The quokka bites you but does no damage.
Casting: Sandblast (safe; 4% risk of failure)
Confirm with . or Enter, or press ? or * to list all spells.
Aiming: Sandblast (safe; 4% risk of failure)
Press: ? - help, Shift-Dir - straight line, f - quokka
Aim: a quokka (29% to evade)
The blast of sand hits the quokka.
The quokka is almost dead.
The quokka bites you but does no damage.
You closely miss the quokka.
The quokka is almost dead.
The quokka bites you.
* * * LOW HITPOINT WARNING * * *
You hit the quokka but do no damage.
The quokka is almost dead.
The quokka barely misses you.
You hit the quokka but do no damage.
The quokka is almost dead.
The quokka bites you.
You die...

............#.#
####.[......#.#####
#........#.....#
#........#####.#
#........### #.#
#.......†..###.#
#########......#
#..#.#.# ##.._@.##
#.#.#r.#####
#............
#############


You could see a quokka.

Vanquished Creatures
  4 dart slugs (D:1)
  3 ball pythons (D:1)
  An endoplasm (D:1)
  2 giant cockroaches (D:1)
  2 hobgoblins (D:1)
  4 jackals (D:1)
  A quokka (D:1)
  A bat (D:1)
  A frilled lizard (D:1)
  3 kobolds (D:1)
  2 rats (D:1)
24 creatures vanquished.

Notes
Turn   | Place    | Note
-------+----------+-------------------------------------------
     0 | D:1      | tardwrangler69 the Draconian Earth Elementalist began the
                  | quest for the Orb.
     0 | D:1      | Reached XP level 1. HP: 14/14 MP: 3/3
   334 | D:1      | Reached XP level 2. HP: 10/20 MP: 3/5
  1295 | D:1      | Found a faded altar of an unknown god.
  1343 | D:1      | Reached XP level 3. HP: 11/26 MP: 2/6
  1363 | D:1      | HP: 1/26 [quokka (4)]
  1379 | D:1      | HP: 1/26 [quokka (1)]
  1381 | D:1      | Slain by a quokka

Illustrated notes

Levels and vault maps discovered:
D:1:      lightli_arrival_statue_moat, layout_basic,
          chequers_ecumenical_altar_simple, supply_closet_lemuel

Skill      XL: |  1  2 |
---------------+-------+-----
Dodging        | 2 |  2.1
Stealth        | |  1.7
Spellcasting   | |  2.4
Transmutations | |  1.0
Earth Magic    | |  3.7

Action                   || total
-------------------------++-------
Melee: Unarmed           ||    24
       Tailslap          ||    14
       Dagger            ||    65
 Cast: Sandblast         ||    15
 Stab: Sleeping          ||     2
Armor: Skin              ||    30
Dodge: Dodged            ||    81

Table legend: (Time is in decaauts)
 A = Elapsed time spent in this place.
 B = Non-inter-level travel time spent in this place.
 C = Inter-level travel time spent in this place.
 D = Time resting spent in this place.
 E = Time spent auto-exploring this place.
 F = Levels seen in this place.
 G = Mean time per level.
                   A        B        C        D        E       F      G
               +--------+--------+--------+--------+--------+-----+--------+
         Total |   1381 |   1381 |      0 |      0 |   1181 |   1 | 1381.0 |
       Dungeon |   1381 |   1381 |      0 |      0 |   1181 |   1 | 1381.0 |
               +--------+--------+--------+--------+--------+-----+--------+

Top non-repeatable levels by time:
     D:1: 1381 daAuts
